AoeStats
← Grospoilu

Golden Pit

508223402Analyzed
1v1 RM · 10d ago on Sep 21, 2026· 27m 31s· 2 players
Game mode
Random Map
Map size
Tiny (2 player)
Population
200
Speed
Normal
Resources
Standard
Victory
Conquest
Starting age
Dark Age
Ending age
Imperial Age
RankedLock teamsTeams togetherTeam positionsShared explorationLock speedFull tech treeHidden civsTurbo modeCheats
Victory
Defeat
🇫🇷 Maya · France
1129
+14
🇳🇴 Celts · Norway
1089
-14
▬ι ﺤ | s_ry1
5:11 Loom
10:33 Feudal Age
10:54 Horse Collar
11:02 Double-Bit Axe
21:38 Castle Age
20:33 Gold Mining
21:59 Man-at-Arms
22:25 Gambesons
23:31 Forging
23:22 Scale Mail Armor
26:12 Fletching
Grospoilu
0:26 Loom
10:05 Feudal Age
10:17 Man-at-Arms
21:05 Castle Age
19:53 Forging
19:48 Scale Mail Armor
19:40 Arson
22:39 Squires
23:10 Eagle Warrior
24:09 Chain Mail Armor
Connection lost

Rejoining the realm…

Still unreachable

The connection could not be restored.

Session expired

The server has moved on; the page needs a fresh start.